TOP OF THE 1ST |
Milwaukee Brewers batting - Pitching for Detroit Tigers : RHP Constantino Chamisso
|
Pitching: RHP Constantino Chamisso
|
|
Batting: SHB Jamel Wright
|
0-0: Called Strike 0-1: Ball 1-1: Ball 2-1: Ball 3-1: Foul Ball, location: 2F 3-2: Base on Balls
|
Batting: RHB Adrian Rudkilde
|
0-0: Called Strike 0-1: Ball 1-1: Ball 2-1: Fly out, F9 (Flyball, 9LM, EV 83.1 MPH)
|
Batting: SHB Jason Woods
|
0-0: Ball 1-0: Foul Ball, location: 2F 1-1: Ball 2-1: Called Strike 2-2: Foul Ball, location: 2F 2-2: Ball 3-2: Strikes out swinging
|
Batting: SHB Jean-François Bernard
|
0-0: Ball 1-0: Called Strike 1-1: Ground out 4-3 (Groundball, 4, EV 79.4 MPH)
|
Top of the 1st over - 0 runs, 0 hits, 0 errors, 1 left on base; Milwaukee 0 - Detroit 0 |
BOTTOM OF THE 1ST |
Detroit Tigers batting - Pitching for Milwaukee Brewers : RHP Cody Autry
|
Pitching: RHP Cody Autry
|
|
Batting: RHB Greg Harman
|
0-0: Called Strike 0-1: SINGLE (Groundball, 56D, EV 96.9 MPH)
|
Batting: LHB Per Meulengracht
|
0-0: Ball 1-0: Called Strike 1-1: Foul Ball, location: 2F 1-2: Foul Ball, location: 2F 1-2: Grounds into double play, 4-6-3 (Groundball, 4, EV 103.8 MPH)
|
Batting: LHB Tyler Davis
|
0-0: Foul Ball, location: 2F 0-1: Swinging Strike 0-2: Ball 1-2: Strikes out looking
|
Bottom of the 1st over - 0 runs, 1 hit, 0 errors, 0 left on base; Milwaukee 0 - Detroit 0 |
TOP OF THE 2ND |
Milwaukee Brewers batting - Pitching for Detroit Tigers : RHP Constantino Chamisso
|
Batting: RHB Bobby Muniz
|
0-0: Ball 1-0: DOUBLE (Line Drive, 8RXD, EV 100.6 MPH)
|
Batting: RHB Noah Stanley
|
0-0: Called Strike 0-1: Called Strike 0-2: Foul Ball, location: 2F 0-2: Ball 1-2: SINGLE (Groundball, 6D, EV 107.5 MPH) Bobby Muniz to third Runner from 3rd tries for Home, throw by CF and OUT! 8-2 Noah Stanley to second
|
Batting: RHB Daniel Donovan
|
0-0: Ball 1-0: Ball 2-0: Ball 3-0: Foul Ball, location: 2F 3-1: Swinging Strike 3-2: DOUBLE (Line Drive, 78D, EV 101.9 MPH) Noah Stanley scores
|
Batting: RHB Emilio Gallegos
|
0-0: Ball Daniel Donovan steals 3rd base 1-0: SINGLE (Groundball, 6S, EV 68.8 MPH) (infield hit) Daniel Donovan scores
|
Batting: RHB Kisho Ito
|
0-0: Ball 1-0: Fly out, F7 (Flyball, 7, EV 94.4 MPH)
|
Batting: SHB Jamel Wright
|
0-0: Swinging Strike 0-1: Ball Wild Pitch! Emilio Gallegos to second 1-1: Ball 2-1: Reached on error, E4 (Flyball, 34D, EV 82.5 MPH) Emilio Gallegos to third
|
Batting: RHB Adrian Rudkilde
|
0-0: Ball 1-0: Ball 2-0: Swinging Strike 2-1: Foul Ball, location: 2F 2-2: Ground out 6-3 (Groundball, 6S, EV 69.4 MPH)
|
Top of the 2nd over - 2 runs, 4 hits, 1 error, 2 left on base; Milwaukee 2 - Detroit 0 |
BOTTOM OF THE 2ND |
Detroit Tigers batting - Pitching for Milwaukee Brewers : RHP Cody Autry
|
Batting: RHB Victor Quinones
|
0-0: Ball 1-0: Foul Ball, location: 2F 1-1: Ball 2-1: Called Strike 2-2: Ground out 6-3 (Groundball, P, EV 86.9 MPH)
|
Batting: LHB Morgan Black
|
0-0: Ground out 4-3 (Groundball, 4, EV 103.8 MPH)
|
Batting: RHB Ryan Neal
|
0-0: Ball 1-0: Foul Ball, location: 2F 1-1: Foul Ball, location: 2F 1-2: Ball 2-2: Foul Ball, location: 2F 2-2: Strikes out swinging
|
Bottom of the 2nd over - 0 runs, 0 hits, 0 errors, 0 left on base; Milwaukee 2 - Detroit 0 |
TOP OF THE 3RD |
Milwaukee Brewers batting - Pitching for Detroit Tigers : RHP Constantino Chamisso
|
Batting: SHB Jason Woods
|
0-0: Foul Ball, location: 2F 0-1: Ball 1-1: Ball 2-1: Fly out, F7 (Flyball, 7S, EV 84.4 MPH)
|
Batting: SHB Jean-François Bernard
|
0-0: Foul Ball, location: 2F 0-1: Foul Ball, location: 2F 0-2: Foul Ball, location: 2F 0-2: Ball 1-2: Strikes out looking
|
Batting: RHB Bobby Muniz
|
0-0: Ball 1-0: Foul Ball, location: 2F 1-1: Fly out, F7 (Line Drive, 7D, EV 106.2 MPH)
|
Top of the 3rd over - 0 runs, 0 hits, 0 errors, 0 left on base; Milwaukee 2 - Detroit 0 |
BOTTOM OF THE 3RD |
Detroit Tigers batting - Pitching for Milwaukee Brewers : RHP Cody Autry
|
Batting: LHB Brad Turner
|
0-0: Called Strike 0-1: Foul Ball, location: 2F 0-2: Fly out, F8 (Flyball, 8LD, EV 92.5 MPH)
|
Batting: RHB Dave Reynolds
|
0-0: Called Strike 0-1: Ball 1-1: Ball 2-1: Ball 3-1: Base on Balls
|
Batting: RHB Brady Jeleniewski
|
0-0: Ball 1-0: SINGLE (Groundball, 34D, EV 98.1 MPH) Dave Reynolds to second Runner from 2nd tries for 3rd, SAFE, throw by RF made at trailing runner, OUT! 9-6
|
Batting: RHB Greg Harman
|
0-0: Called Strike 0-1: Swinging Strike 0-2: Ball 1-2: Foul Ball, location: 2F 1-2: Foul Ball, location: 2F 1-2: Ball 2-2: SINGLE (Line Drive, 6M, EV 99.4 MPH) Dave Reynolds scores
|
Batting: LHB Per Meulengracht
|
Pickoff Throw to First - Out! 1-3
|
Bottom of the 3rd over - 1 run, 2 hits, 0 errors, 0 left on base; Milwaukee 2 - Detroit 1 |
TOP OF THE 4TH |
Milwaukee Brewers batting - Pitching for Detroit Tigers : RHP Constantino Chamisso
|
Batting: RHB Noah Stanley
|
0-0: Ball 1-0: Ball 2-0: Fly out, F7 (Flyball, 78D, EV 103.8 MPH)
|
Batting: RHB Daniel Donovan
|
0-0: Ground out 5-3 (Groundball, 56S, EV 63.1 MPH)
|
Batting: RHB Emilio Gallegos
|
0-0: Called Strike 0-1: Ball 1-1: Ball 2-1: Foul Ball, location: 2F 2-2: Foul Ball, location: 2F 2-2: Strikes out swinging
|
Top of the 4th over - 0 runs, 0 hits, 0 errors, 0 left on base; Milwaukee 2 - Detroit 1 |
BOTTOM OF THE 4TH |
Detroit Tigers batting - Pitching for Milwaukee Brewers : RHP Cody Autry
|
Batting: LHB Per Meulengracht
|
0-0: Called Strike 0-1: Swinging Strike 0-2: Foul Ball, location: 2F 0-2: Ground out 4-3 (Groundball, 4, EV 80.6 MPH)
|
Batting: LHB Tyler Davis
|
0-0: Ball 1-0: Called Strike 1-1: SINGLE (Groundball, 25, EV 68.8 MPH) (infield hit)
|
Batting: RHB Victor Quinones
|
0-0: Ball 1-0: Called Strike 1-1: Grounds into double play, 6-4-3 (Groundball, 6, EV 98.1 MPH)
|
Bottom of the 4th over - 0 runs, 1 hit, 0 errors, 0 left on base; Milwaukee 2 - Detroit 1 |
TOP OF THE 5TH |
Milwaukee Brewers batting - Pitching for Detroit Tigers : RHP Constantino Chamisso
|
Batting: RHB Kisho Ito
|
0-0: Ball 1-0: Foul Ball, location: 2F 1-1: Swinging Strike 1-2: Foul Ball, location: 2F 1-2: Ball 2-2: Strikes out swinging
|
Batting: SHB Jamel Wright
|
0-0: Called Strike 0-1: Ball 1-1: Swinging Strike 1-2: Strikes out swinging
|
Batting: RHB Adrian Rudkilde
|
0-0: Fly out, F8 (Flyball, 8LD, EV 103.1 MPH)
|
Top of the 5th over - 0 runs, 0 hits, 0 errors, 0 left on base; Milwaukee 2 - Detroit 1 |
BOTTOM OF THE 5TH |
Detroit Tigers batting - Pitching for Milwaukee Brewers : RHP Cody Autry
|
Batting: LHB Morgan Black
|
0-0: Ground out 4-3 (Groundball, 4, EV 79.4 MPH)
|
Batting: RHB Ryan Neal
|
0-0: Called Strike 0-1: Ball 1-1: Ball 2-1: Ground out 2-3 (Groundball, 2L, EV 67.5 MPH)
|
Batting: LHB Brad Turner
|
0-0: Ball 1-0: Ground out 6-3 (Groundball, 6, EV 78.1 MPH)
|
Bottom of the 5th over - 0 runs, 0 hits, 0 errors, 0 left on base; Milwaukee 2 - Detroit 1 |
TOP OF THE 6TH |
Milwaukee Brewers batting - Pitching for Detroit Tigers : RHP Constantino Chamisso
|
Pitching: RHP Stacey Kerssies
|
|
Batting: SHB Jason Woods
|
0-0: Ball 1-0: TRIPLE (Flyball, 78XD, EV 109.4 MPH)
|
Batting: SHB Jean-François Bernard
|
0-0: Ball 1-0: Ball 2-0: Foul Ball, location: 2F 2-1: Swinging Strike 2-2: DOUBLE (Line Drive, 7LM, EV 110.6 MPH) Jason Woods scores
|
Batting: RHB Bobby Muniz
|
0-0: Called Strike 0-1: Foul Ball, location: 2F 0-2: Fly out, F8 (Line Drive, 8LM, EV 105.6 MPH)
|
Batting: RHB Noah Stanley
|
0-0: Ball 1-0: Swinging Strike 1-1: Swinging Strike 1-2: Ball 2-2: Foul Ball, location: 2F 2-2: Ground out 4-3 (Groundball, 4S, EV 86.9 MPH) Jean-François Bernard to third
|
Batting: RHB Daniel Donovan
|
0-0: Ball 1-0: Ball 2-0: Called Strike 2-1: Swinging Strike 2-2: Strikes out swinging
|
Top of the 6th over - 1 run, 2 hits, 0 errors, 1 left on base; Milwaukee 3 - Detroit 1 |
BOTTOM OF THE 6TH |
Detroit Tigers batting - Pitching for Milwaukee Brewers : RHP Cody Autry
|
Batting: RHB Dave Reynolds
|
0-0: Called Strike 0-1: Ball 1-1: Swinging Strike 1-2: Foul Ball, location: 2F 1-2: Foul Ball, location: 2F 1-2: Foul Ball, location: 2F 1-2: Foul Ball, location: 2F 1-2: Ball 2-2: Hit by Pitch
|
Batting: RHB Brady Jeleniewski
|
0-0: Called Strike 0-1: Ball 1-1: Ball 2-1: Swinging Strike 2-2: Strikes out swinging
|
Batting: RHB Greg Harman
|
0-0: Ball 1-0: Grounds into double play, 6-4-3 (Groundball, 6, EV 86.9 MPH)
|
Bottom of the 6th over - 0 runs, 0 hits, 0 errors, 0 left on base; Milwaukee 3 - Detroit 1 |
TOP OF THE 7TH |
Milwaukee Brewers batting - Pitching for Detroit Tigers : RHP Stacey Kerssies
|
Pitching: RHP Josh Wollaston
|
|
Batting: RHB Emilio Gallegos
|
0-0: Called Strike 0-1: Ball 1-1: Foul Ball, location: 2F 1-2: SINGLE (Groundball, P, EV 88.1 MPH) (infield hit)
|
Batting: RHB Kisho Ito
|
0-0: Fly out, F8 (Flyball, 8LXD, EV 100.6 MPH)
|
Batting: SHB Jamel Wright
|
0-0: Swinging Strike 0-1: Ball 1-1: Ball 2-1: Foul Ball, location: 2F 2-2: Fly out, F6 (Flyball, 56D, EV 75.6 MPH)
|
Batting: RHB Adrian Rudkilde
|
0-0: Called Strike Emilio Gallegos steals 2nd base 0-1: Fly out, F8 (Line Drive, 8RM, EV 97.5 MPH)
|
Top of the 7th over - 0 runs, 1 hit, 0 errors, 1 left on base; Milwaukee 3 - Detroit 1 |
BOTTOM OF THE 7TH |
Detroit Tigers batting - Pitching for Milwaukee Brewers : RHP Cody Autry
|
Batting: LHB Per Meulengracht
|
0-0: Swinging Strike 0-1: Ball 1-1: Ball 2-1: Called Strike 2-2: Ball 3-2: Base on Balls
|
Batting: LHB Tyler Davis
|
0-0: Called Strike 0-1: Called Strike Per Meulengracht steals 2nd base (no throw) 0-2: Ball 1-2: Foul Ball, location: 2F 1-2: SINGLE (Line Drive, 4D, EV 98.1 MPH) Per Meulengracht to third Runner from 3rd tries for Home, throw by RF and OUT! 9-2
|
Batting: RHB Victor Quinones
|
0-0: Ball 1-0: 2-RUN HOME RUN (Flyball, 9D, EV 96.9 MPH), Distance : 378 ft
|
Batting: LHB Morgan Black
|
0-0: DOUBLE (Line Drive, 78D, EV 115.0 MPH)
|
Batting: RHB Ryan Neal
|
0-0: Ball Morgan Black is caught stealing 3rd base 2-5 1-0: Foul Ball, location: 2F 1-1: Ball 2-1: Swinging Strike 2-2: Ground out 6-3 (Groundball, 56, EV 80.6 MPH)
|
Bottom of the 7th over - 2 runs, 3 hits, 0 errors, 0 left on base; Milwaukee 3 - Detroit 3 |
TOP OF THE 8TH |
Milwaukee Brewers batting - Pitching for Detroit Tigers : RHP Josh Wollaston
|
Pitching: RHP Eric Putnam
|
|
Batting: SHB Jason Woods
|
0-0: Fly out, F7 (Line Drive, 7, EV 99.4 MPH)
|
Batting: SHB Jean-François Bernard
|
0-0: Ball 1-0: Ball 2-0: Ball 3-0: Ground out 5-3 (Groundball, 5, EV 110.0 MPH)
|
Pinch Hitting: SHB Lewis Thorpe Jr.
|
0-0: Called Strike 0-1: Foul Ball, location: 2F 0-2: Hit by Pitch
|
Batting: RHB Noah Stanley
|
0-0: Ball Lewis Thorpe Jr. steals 2nd base 1-0: Called Strike 1-1: Foul Ball, location: 2F 1-2: Foul Ball, location: 2F 1-2: Ball 2-2: Foul Ball, location: 2F 2-2: Ball 3-2: DOUBLE (Line Drive, 3D, EV 96.9 MPH) Lewis Thorpe Jr. scores
|
Batting: RHB Daniel Donovan
|
0-0: Ball 1-0: Ball 2-0: DOUBLE (Line Drive, 3D, EV 99.4 MPH) Noah Stanley scores
|
Batting: RHB Emilio Gallegos
|
0-0: Called Strike 0-1: Ball 1-1: Reached on error, E4 (Groundball, 4, EV 103.8 MPH) Daniel Donovan scores
|
Pitching: RHP Joe Bradford
|
|
Batting: RHB Kisho Ito
|
0-0: Ball 1-0: Ground out 1-3 (Groundball, 13S, EV 74.4 MPH)
|
Top of the 8th over - 3 runs, 2 hits, 1 error, 1 left on base; Milwaukee 6 - Detroit 3 |
BOTTOM OF THE 8TH |
Detroit Tigers batting - Pitching for Milwaukee Brewers : RHP Cody Autry
|
Now at C: Lewis Thorpe Jr.
|
|
Batting: LHB Brad Turner
|
0-0: Called Strike 0-1: Called Strike 0-2: Ball 1-2: Fly out, F7 (Flyball, 7D, EV 103.1 MPH)
|
Batting: RHB Dave Reynolds
|
0-0: Ball 1-0: Ball 2-0: Ball 3-0: Base on Balls
|
Batting: RHB Brady Jeleniewski
|
0-0: Ball 1-0: Ground out 5-3 (Groundball, 56S, EV 83.1 MPH) Dave Reynolds to second
|
Batting: RHB Greg Harman
|
0-0: Ball 1-0: Foul Ball, location: 2F 1-1: Ball 2-1: Swinging Strike 2-2: Ball 3-2: Base on Balls
|
Pitching: RHP John York
|
|
Batting: LHB Per Meulengracht
|
0-0: Ball 1-0: Ground out U3 (Groundball, 34S, EV 91.2 MPH)
|
Bottom of the 8th over - 0 runs, 0 hits, 0 errors, 2 left on base; Milwaukee 6 - Detroit 3 |
TOP OF THE 9TH |
Milwaukee Brewers batting - Pitching for Detroit Tigers : RHP Joe Bradford
|
Batting: SHB Jamel Wright
|
0-0: Ball 1-0: SOLO HOME RUN (Flyball, 9LD, EV 90.6 MPH), Distance : 340 ft
|
Batting: RHB Adrian Rudkilde
|
0-0: Ground out 1-3 (Groundball, 23, EV 69.4 MPH)
|
Batting: SHB Jason Woods
|
0-0: Ground out 4-3 (Groundball, 4, EV 81.2 MPH)
|
Batting: SHB Jean-François Bernard
|
0-0: Called Strike 0-1: Ball 1-1: Ball 2-1: Ball 3-1: Fly out, F9 (Flyball, 9D, EV 97.5 MPH)
|
Top of the 9th over - 1 run, 1 hit, 0 errors, 0 left on base; Milwaukee 7 - Detroit 3 |
BOTTOM OF THE 9TH |
Detroit Tigers batting - Pitching for Milwaukee Brewers : RHP John York
|
Batting: LHB Tyler Davis
|
0-0: Called Strike 0-1: Ball 1-1: Ball 2-1: DOUBLE (Line Drive, 9LD, EV 103.1 MPH)
|
Batting: RHB Victor Quinones
|
0-0: Ball 1-0: Ball 2-0: Ground out 6-3 (Groundball, 6M, EV 93.1 MPH) Tyler Davis to third
|
Batting: LHB Morgan Black
|
0-0: Foul Ball, location: 2F 0-1: Foul Ball, location: 2F 0-2: Ball 1-2: Foul Ball, location: 2F 1-2: Ground out 5-3 (Groundball, 56, EV 95.6 MPH) Tyler Davis scores
|
Batting: RHB Ryan Neal
|
0-0: Ball 1-0: Called Strike 1-1: Ball 2-1: Foul Ball, location: 2F 2-2: Strikes out swinging
|
Bottom of the 9th over - 1 run, 1 hit, 0 errors, 0 left on base; Milwaukee 7 - Detroit 4 |
|